 Dungeon Crawl Stone Soup version 0.29.1-15-g9cfb28693d (webtiles) character file.

Game seed: 17713583869446608706

58 Silvore the Chopper (level 3, 0/29 HPs)
             Began as a Demonspawn Monk on Apr 30, 2023.
             Slain by Terence
             ... wielding a +0 hand axe
              (2 damage)
             ... on level 2 of the Dungeon.
             The game lasted 00:02:36 (2460 turns).

Silvore the Chopper (Demonspawn Monk)               Turns: 2460, Time: 00:02:37

Health: 0/29       AC:  6    Str: 11    XL:     3   Next: 75%
Magic:  3/3        EV:  9    Int: 11    God:
Gold:   37         SH:  0    Dex: 17    Spells: 2/2 levels left

rFire   . . .      SeeInvis .   a - +0 hand axe
rCold   . . .      Faith    .   (no shield)
rNeg    . . .      Spirit   .   f - +0 scale mail
rPois   .          Reflect  .   (no helmet)
rElec   .          Harm     .   (no cloak)
rCorr   .          Rampage  .   (no gloves)
Will    .....                   (no boots)
Stlth   +.........              (no amulet)
HPRegen 0.09/turn               (no ring)
MPRegen 0.08/turn               (no ring)

@: no status effects
A: claws 1
a: no special abilities


You were on level 2 of the Dungeon.
You visited 1 branch of the dungeon, and saw 2 of its levels.

You collected 37 gold pieces.

Inventory:

Hand Weapons
 a - a +0 hand axe (weapon)
Armour
 b - a +0 robe
 f - a +0 scale mail (worn)
Jewellery
 e - a +4 ring of protection
Scrolls
 g - a scroll of identify
Potions
 c - a potion of ambrosia
 j - 2 potions of curing


   Skills:
 + Level 3.2 Fighting
 + Level 3.5 Axes
 + Level 1.1 Armour
 + Level 3.0 Dodging
 + Level 2.0 Stealth


You had 2 spell levels left.
You didn't know any spells.
Your spell library was empty.

Dungeon Overview and Level Annotations

Branches:
Dungeon (2/15)

Altars:
Hepliaklqana

Annotations:
D:2 Terence


Innate Abilities, Weirdness & Mutations

You have sharp fingernails.


Message History

* * * LOW HITPOINT WARNING * * *
You hit Terence but do no damage.
Terence is moderately wounded.
Terence hits you with a +0 hand axe.
* * * LOW HITPOINT WARNING * * *
You feel much better. Terence hits you with a +0 hand axe.
Okay, then.
As you read the scroll of identify, it crumbles to dust.
j - 2 potions of curing Terence closely misses you.
You barely miss Terence.
Terence is moderately wounded.
Terence hits you with a +0 hand axe.
You hit Terence.
Terence is severely wounded.
Terence hits you with a +0 hand axe.
You hit Terence but do no damage.
Terence is severely wounded.
Terence closely misses you.
You hit Terence. Your claw misses Terence.
Terence is severely wounded.
Terence hits you but does no damage.
You hit Terence but do no damage.
Terence is severely wounded.
Terence hits you with a +0 hand axe.
You hit Terence.
Terence is almost dead.
Terence misses you.
You closely miss Terence.
Terence is almost dead.
Terence hits you with a +0 hand axe. x2
* * * LOW HITPOINT WARNING * * *
You hit Terence but do no damage.
Terence is almost dead.
Terence hits you with a +0 hand axe.
* * * LOW HITPOINT WARNING * * *
You hit Terence.
Terence is almost dead.
Terence hits you with a +0 hand axe.
You die...

#.#.##..........#
#.#.##..........#
#.#.##..........#
#.#.##..........#
#...#######.....#
##..### #.....####
#....### #.........
##.#...###.........
#@###..##......... #@#
##............
#######)######......####
#..........# ##...)#####
#...o......# ####......
#..........# #.#####
#.........)# ####'###
#..........# #......#
#..........# #......#


You could see Terence.

Vanquished Creatures
  An orc wizard (D:2)
  2 adders (D:2)
  A dart slug (D:2)
  4 orcs (D:2)
  5 bats
  2 endoplasms
  2 goblins
  4 hobgoblins
  A kobold (D:1)
  A quokka (D:2)
  A ball python (D:1)
  A frilled lizard (D:1)
  A rat (D:1)
26 creatures vanquished.

Notes
Turn   | Place    | Note
-------+----------+-------------------------------------------
     0 | D:1      | Silvore the Demonspawn Monk began the quest for the Orb.
     0 | D:1      | Reached XP level 1. HP: 18/18 MP: 1/1
   427 | D:1      | Found a faded altar of an unknown god.
   431 | D:1      | Prayed at the altar of an unknown god.
   431 | D:1      | Became a worshipper of Hepliaklqana the Forgotten
   431 | D:1      | Reached * piety under Hepliaklqana
   431 | D:1      | Reached ** piety under Hepliaklqana
   432 | D:1      | Fell from the grace of Hepliaklqana
  1843 | D:2      | Was forgiven by Hepliaklqana
  1843 | D:2      | Gained mutation: You have sharp fingernails. [demonic
                  | ancestry]
  1843 | D:2      | Reached XP level 2. HP: 9/24 MP: 2/2
  2382 | D:2      | Noticed Terence
  2412 | D:2      | Reached skill level 1 in Armour
  2412 | D:2      | Reached XP level 3. HP: 19/29 MP: 3/3
  2460 | D:2      | Slain by Terence

Illustrated notes

Levels and vault maps discovered:
D:1:      dpeg_arrival_leaves_temple_mockup, layout_loops_corners,
          shapermc_ecumenical_altar_acropolis
D:2:      layout_basic, uniq_terence

Skill      XL: |  1  2 |
---------------+-------+-----
Axes           | 3 |  3.5
Stealth        | 2 |  2.0
Armour         | 1 |  1.1
Dodging        | 3 |  3.0
Fighting       | |  3.2

Action                   || total
-------------------------++-------
Melee: Hand axe          ||   156
       Punch             ||     2
Invok: Renounce Religion ||     1
  Use: Scroll            ||     6
       Potion            ||     5
 Stab: Sleeping          ||     3
Armor: Robe              ||    12
       Scale mail        ||    41
Dodge: Dodged            ||    91
